 Dungeon Crawl Stone Soup version 0.29-a0-722-g64f5989226 (webtiles) character file.

Game seed: 7578453870477905437

903 forukna the Cleaver (level 8, -1/63 HPs)
             Began as a Hill Orc Berserker on June 28, 2022.
             Was a Priest of Trog.
             Killed by nerve-wracking pain
             ... invoked by Menkaure
              (12 damage)
             ... on level 5 of the Dungeon.
             The game lasted 00:52:28 (4338 turns).

forukna the Cleaver (Hill Orc Berserker)            Turns: 4338, Time: 00:52:28

Health: -1/63      AC:  9    Str: 26    XL:     8   Next: 7%
Magic:  8/8        EV: 14    Int: 12    God:    Trog [***...]
Gold:   190        SH:  0    Dex:  7    Spells: 7/7 levels left

rFire   . . .      SeeInvis .   n - +0 rapier (drain)
rCold   . . .      Faith    .   (no shield)
rNeg    . . .      Spirit   .   h - +0 scale mail
rPois   .          Reflect  .   (no helmet)
rElec   .          Harm     .   (no cloak)
rCorr   .          Rampage  .   (no gloves)
Will    .....                   (no boots)
Stlth   ..........              (no amulet)
HPRegen 0.20/turn               g - +4 ring of evasion
MPRegen 0.11/turn               q - +6 ring of intelligence

@: no status effects
A: iridescent scales 1, clumsy 1, frail 1, strong 1
a: Renounce Religion, Berserk, Trog's Hand


You were on level 5 of the Dungeon.
You worshipped Trog.
Trog was most pleased with you.
You visited 1 branch of the dungeon, and saw 5 of its levels.

You collected 190 gold pieces.

Inventory:

Hand Weapons
 a - a +0 hand axe
 c - a +0 sling
 j - a +0 battleaxe
 k - a +0 short sword
 n - a +0 rapier of draining (weapon)
 o - a +0 spear
 t - a +0 short sword
 u - a +1 short sword of electrocution
 x - a +3 battleaxe
 y - a +2 battleaxe of freezing
 z - a +0 long sword
 A - a +0 scimitar
 D - a +0 flail
 F - a +0 short sword
 G - a +0 mace
 K - a +4 whip
 L - a +3 dagger
 M - a +0 whip
 O - a +3 dagger
 Q - a +0 spear
 S - a +0 hand axe
 T - a +0 short sword
 V - a +0 dagger
 W - a +0 dagger
 X - a +0 hand axe
Missiles
 e - 36 stones (quivered)
 r - 2 silver boomerangs
 s - 2 curare-tipped darts
 Z - 12 poisoned darts
Armour
 b - a +0 animal skin
 h - a +0 scale mail (worn)
 i - a +0 chain mail
 w - a +0 leather armour
 B - a +0 leather armour
 I - a +0 robe
 R - a +0 ring mail
 U - a +0 ring mail
 Y - a +0 leather armour
Jewellery
 g - a +4 ring of evasion (left hand)
 q - a +6 ring of intelligence (right hand)
Wands
 P - a wand of mindburst (13)
Scrolls
 f - 3 scrolls of identify
 v - a scroll of fear
 C - a scroll of immolation
 J - a scroll of teleportation
Potions
 l - 4 potions of curing
 p - 2 potions of heal wounds
 E - a potion of flight
 N - a potion of invisibility


   Skills:
 + Level 5.7 Fighting
 + Level 0.3 Short Blades
 + Level 8.4 Axes
 + Level 0.3(4.3) Maces & Flails
 + Level 1.7 Throwing
 + Level 5.3 Armour
 + Level 2.4 Dodging
 + Level 0.7 Stealth


You had 7 spell levels left.
You didn't know any spells.
Your spell library contained the following spells:

 Spells                   Type           Power      Damage    Failure   Level
 Freeze                   Ice            0%         1d3       56%         1
 Poisonous Vapours        Pois/Air       0%         N/A       71%         2
 Frozen Ramparts          Ice            0%         1d2       91%         3
 Corpse Rot               Necr/Pois/Air  0%         N/A       100%        4
 Hailstorm                Conj/Ice       0%         3d3       100%        4


Dungeon Overview and Level Annotations

Branches:
Dungeon (5/15)             Temple (0/1) D:5

Altars:

Annotations:
D:5 Menkaure


Innate Abilities, Weirdness & Mutations

You are partially covered in iridescent scales. (AC +2)
You are clumsy. (Dex -2)
You are frail. (-10% HP)
Your muscles are strong. (Str +4, Int/Dex -1)


Message History

Menkaure is moderately damaged.
Menkaure misses you.
You hit Menkaure.
Menkaure is moderately damaged.
Menkaure calls on the powers of darkness!
Your body is wracked with pain!
You hit Menkaure.
Menkaure is heavily damaged.
Menkaure closely misses you. Menkaure hits you.
* * * LOW HITPOINT WARNING * * *
You hit Menkaure but do no damage.
Menkaure is heavily damaged.
Menkaure closely misses you.
You hit Menkaure.
Menkaure is heavily damaged.
Menkaure barely misses you. x2
You closely miss Menkaure.
Menkaure is heavily damaged.
Menkaure closely misses you.
You hit Menkaure.
Menkaure is heavily damaged.
Menkaure hits you but does no damage. Menkaure hits you.
* * * LOW HITPOINT WARNING * * *
You barely miss Menkaure.
Menkaure is heavily damaged.
Menkaure misses you.
You hit Menkaure but do no damage.
Menkaure is heavily damaged.
Menkaure completely misses you.
You hit Menkaure.
Menkaure is severely damaged.
Menkaure hits you.
* * * LOW HITPOINT WARNING * * *
Menkaure hits you.
* * * LOW HITPOINT WARNING * * *
You hit Menkaure but do no damage.
Menkaure is severely damaged.
Menkaure points at you and mumbles some strange words.
Pain shoots through your body!
You die...

#..........#
##..$.......#
!............#
..............#
..............#
.............#
..........M..#
#.......@..#
#..........#
+........>.#
#..........#
#....##....#
#....##....#
########..........#
#.....#...........#
.#.....#...........#


You could see Menkaure (fast).

Vanquished Creatures
  Eustachio (D:4)
  A water moccasin (D:5)
  A phantom (D:4)
  5 wights (D:4)
  2 hounds (D:4)
  Jessica (D:2)
  An iguana (D:4)
  6 gnolls (D:4)
  7 adders
  A worm (D:2)
  2 dart slugs
  6 orcs
  3 endoplasms
  6 giant cockroaches
  6 goblins
  5 hobgoblins
  2 jackals (D:4)
  7 quokkas
  5 ball pythons
  7 bats
  2 frilled lizards
  8 kobolds
  7 rats
  2 bushes (D:1)
94 creatures vanquished.

Vanquished Creatures (others)
  3 fungi (D:1)
  3 plants (D:1)
6 creatures vanquished.

Grand Total: 100 creatures vanquished

Notes
Turn   | Place    | Note
-------+----------+-------------------------------------------
     0 | D:1      | forukna the Hill Orc Berserker began the quest for the Orb.
     0 | D:1      | Reached XP level 1. HP: 19/19 MP: 1/1
     2 | D:1      | Noticed a demigod
     3 | D:1      | Noticed an octopode
     3 | D:1      | Noticed a dwarf
     7 | D:1      | Noticed a tengu
     9 | D:1      | Noticed a felid
    11 | D:1      | Noticed an ogre
    13 | D:1      | Noticed a draconian
    13 | D:1      | Noticed a spriggan
    19 | D:1      | Noticed a naga
    19 | D:1      | Noticed an elf
    21 | D:1      | Noticed a human
    21 | D:1      | Noticed a demonspawn
    23 | D:1      | Noticed a minotaur
    23 | D:1      | Noticed a merfolk
    25 | D:1      | Noticed a gargoyle
    25 | D:1      | Noticed a troll
    27 | D:1      | Noticed a vampire
    29 | D:1      | Noticed a vine stalker
    29 | D:1      | Noticed a formicid
    31 | D:1      | Noticed a ghoul
   204 | D:1      | Reached XP level 2. HP: 27/27 MP: 2/2
   960 | D:1      | Found a faded altar of an unknown god.
  1051 | D:1      | Reached XP level 3. HP: 31/33 MP: 3/3
  1943 | D:2      | Noticed Jessica
  1959 | D:2      | Killed Jessica
  1960 | D:2      | Reached skill level 5 in Axes
  1960 | D:2      | Reached XP level 4. HP: 40/40 MP: 4/4
  2534 | D:3      | Reached ** piety under Trog
  2991 | D:4      | Reached XP level 5. HP: 34/47 MP: 5/5
  3078 | D:4      | Noticed a phantom
  3080 | D:4      | Gained mutation: You are clumsy. (Dex -2) [potion of
                  | mutation]
  3080 | D:4      | Gained mutation: You are partially covered in iridescent
                  | scales. (AC +2) [potion of mutation]
  3080 | D:4      | Gained mutation: You are frail. (-10% HP) [potion of
                  | mutation]
  3080 | D:4      | Gained mutation: Your muscles are strong. (Str +4, Int/Dex
                  | -1) [potion of mutation]
  3125 | D:4      | Killed a phantom
  3126 | D:4      | Reached skill level 6 in Axes
  3126 | D:4      | Reached XP level 6. HP: 13/49 MP: 6/6
  3191 | D:4      | Identified a scroll of acquirement
  3191 | D:4      | Acquired a +2 battleaxe of freezing
  3201 | D:4      | Reached skill level 5 in Fighting
  3469 | D:4      | Reached *** piety under Trog
  3760 | D:4      | Reached skill level 7 in Axes
  3760 | D:4      | Reached XP level 7. HP: 50/54 MP: 7/7
  3778 | D:4      | Reached skill level 1 in Throwing
  4029 | D:4      | Noticed Eustachio
  4084 | D:4      | Killed Eustachio
  4085 | D:4      | Reached skill level 8 in Axes
  4085 | D:4      | Reached skill level 5 in Armour
  4177 | D:5      | Entered Level 5 of the Dungeon
  4177 | D:5      | Found a staircase to the Ecumenical Temple.
  4199 | D:5      | Reached XP level 8. HP: 15/62 MP: 8/8
  4319 | D:5      | Noticed Menkaure
  4338 | D:5      | Killed from afar by Menkaure

Illustrated notes

Levels and vault maps discovered:
D:1:      kb_arrival_jail, layout_loops_ring, dreamdust_ecumenical_altar_grove,
          serial_rivers, chequers_serial_rivers_large_a,
          chequers_serial_rivers_micro_e, chequers_serial_rivers_micro_b,
          chequers_serial_rivers_marsh, chequers_serial_rivers_small_a,
          dreamdust_princess_bridge
D:2:      layout_basic, kennysheep_jessica_study
D:3:      layout_basic, minmay_misc_feat_nine_boxes, minmay_misc_feat_iff,
          grunt_ministairs_7, uniq_sigmund
D:4:      layout_loops_ring, kennysheep_generic_room_11, uniq_eustachio
D:5:      layout_gridville, led_sif_pool, minmay_temple_entry_wispy,
          uniq_menkaure

Skill      XL: |  1  2  3  4  5  6  7 |
---------------+----------------------+-----
Fighting       | 4 5 |  5.7
Axes           | 5 6 7 8 |  8.4
Armour         | 3 4 5 |  5.3
Dodging        | 2 |  2.4
Throwing       | 1 |  1.7
Short Blades   | |  0.3
Maces & Flails | |  0.3
Stealth        | |  0.7

Action                   |  1- 3 |  4- 6 |  7- 9 || total
-------------------------+-------+-------+-------++-------
Melee: Hand axe          |   155 |    77 |       ||   232
       Dagger            |   245 |       |       ||   245
       Short sword       |   183 |       |       ||   183
       Punch             |     8 |     1 |     1 ||    10
       Mace              |    15 |    42 |       ||    57
       Battleaxe         |       |    40 |    44 ||    84
       Rapier            |       |       |    50 ||    50
Throw: Boomerang         |       |    12 |    12 ||    24
       Stone             |       |       |     5 ||     5
Invok: Berserk           |     1 |       |       ||     1
       Trog's Hand       |       |     1 |       ||     1
  Use: Potion            |     1 |     7 |     1 ||     9
       Scroll            |       |     6 |       ||     6
Armor: Animal skin       |     6 |       |       ||     6
       Scale mail        |    40 |    44 |    49 ||   133
Dodge: Dodged            |   111 |   151 |   119 ||   381

Table legend: (Time is in decaauts)
 A = Elapsed time spent in this place.
 B = Non-inter-level travel time spent in this place.
 C = Inter-level travel time spent in this place.
 D = Time resting spent in this place.
 E = Time spent auto-exploring this place.
 F = Levels seen in this place.
 G = Mean time per level.
                   A        B        C        D        E       F      G
               +--------+--------+--------+--------+--------+-----+--------+
         Total |   4450 |   1581 |   2869 |      0 |      4 |   5 |  890.0 |
       Dungeon |   4450 |   1581 |   2869 |      0 |      4 |   5 |  890.0 |
               +--------+--------+--------+--------+--------+-----+--------+

Top non-repeatable levels by time:
     D:1: 1329 daAuts
     D:4: 1243 daAuts
     D:2: 972 daAuts
     D:3: 736 daAuts
     D:5: 169 daAuts
